 Dungeon Crawl Stone Soup version 0.29.0-4-gdea44cf6ec (webtiles) character file.

Game seed: 13658448378478855031

49 qw the Chopper (level 3, -4/21 HPs)
             Began as a Tengu Warper on Aug 28, 2022.
             Slain by a kobold brigand
             ... wielding a +0 short sword
              (8 damage)
             ... on level 3 of the Dungeon.
             The game lasted 00:00:09 (1468 turns).

qw the Chopper (Tengu Warper)                       Turns: 1468, Time: 00:00:10

Health: -4/21      AC:  9    Str: 13    XL:     3   Next: 77%
Magic:  7/7        EV:  6    Int: 13    God:
Gold:   24         SH:  0    Dex: 13    Spells: 6/6 levels left

rFire   . . .      SeeInvis .   Y - +1 hand axe
rCold   . . .      Faith    .   (no shield)
rNeg    . . .      Spirit   .   d - +0 chain mail
rPois   .          Reflect  .   (helmet restricted)
rElec   .          Harm     .   (no cloak)
rCorr   .          Rampage  .   g - +0 pair of gloves
Will    .....                   (boots unavailable)
Stlth   ..........              (no amulet)
HPRegen 0.07/turn               (no ring)
MPRegen 0.10/turn               (no ring)

@: no status effects
A: beak, talons 3
a: no special abilities


You were on level 3 of the Dungeon.
You visited 1 branch of the dungeon, and saw 3 of its levels.

You collected 82 gold pieces.
You spent 58 gold pieces at shops.


Innate Abilities, Weirdness & Mutations

You have a beak for a mouth.
You have claws for feet.


   Skills:
 - Level 2.0 Fighting
 + Level 4.4 Axes
 - Level 1.0 Throwing
 - Level 1.1 Armour
 - Level 2.1 Dodging
 - Level 2.0 Spellcasting
 - Level 2.4 Translocations


You had 6 spell levels left.
You didn't know any spells.
Your spell library contained the following spells:

 Spells                   Type           Power      Damage    Failure   Level
 Blink                    Tloc           14%        N/A       99%         2
 Gell's Gravitas          Tloc           7%         N/A       100%        3
 Lesser Beckoning         Tloc           7%         N/A       100%        3
 Teleport Other           Tloc           7%         N/A       100%        3
 Manifold Assault         Tloc           7%         N/A       100%        5

Inventory:

Hand Weapons
 f - a +0 club
 Y - a +1 hand axe (weapon)
Missiles
 i - a javelin (quivered)
Armour
 d - a +0 chain mail (worn)
 g - a +0 pair of gloves (worn)
Scrolls
 h - a scroll of identify
Potions
 e - a potion of magic {unknown}

Dungeon Overview and Level Annotations

Branches:
Dungeon (3/15)

Altars:

Shops:
D:2 [

Annotations:
D:3 1 runed translucent door


Message History

You hit the kobold.
You kill the kobold!
You hit the kobold. You barely miss the kobold brigand.
The kobold brigand hits you with a +0 short sword.
You barely miss the kobold. You claw the kobold.
You kill the kobold!
You completely miss the kobold brigand.
You hit the kobold brigand but do no damage.
Your kick misses the kobold brigand. You hit the kobold but do no damage.
The kobold closely misses you.
The kobold brigand hits you with a +0 short sword.
You hit the kobold brigand. You peck the kobold brigand.
The kobold brigand is moderately wounded.
You hit the kobold. You closely miss the kobold. The kobold closely misses you.
The kobold hits you but does no damage.
The kobold brigand hits you with a +0 short sword.
You barely miss the kobold.
The kobold is severely wounded.
You miss the kobold brigand. You hit the kobold.
You kill the kobold!
The kobold hits you but does no damage.
The kobold brigand hits you with a +0 short sword.
You hit the kobold but do no damage. Your kick misses the kobold.
The kobold is severely wounded.
You hit the kobold brigand but do no damage.
The kobold hits you but does no damage.
The kobold brigand hits you with a +0 short sword.
You closely miss the kobold. You claw the kobold.
You kill the kobold!
You hit the kobold brigand.
The kobold brigand hits you with a +0 short sword.
The kobold brigand hits you but does no damage.
You barely miss the kobold brigand.
The kobold brigand is heavily wounded.
The kobold brigand hits you but does no damage.
You hit the kobold brigand but do no damage.
Your kick misses the kobold brigand.
The kobold brigand is heavily wounded.
The kobold brigand hits you with a +0 short sword!
You die...

#.(....# +......
...... #....# #....#
#....
######((#############
~~~~~.K@.~~~~~~~~~~~~~
~~~~~....~~~~~~~~~~~~~
~~~~......~~~~~~~~~~~~
..~~~....~.~~~..~..~~~
.....................
.....................
.###...##)###.#>#####
###. #.# #..(# ..
..#####<#


You could see a kobold brigand.

Vanquished Creatures
  2 worms (D:2)
  2 dart slugs (D:1)
  3 endoplasms (D:2)
  4 giant cockroaches
  A hobgoblin (D:2)
  12 kobolds
  2 quokkas
  3 ball pythons (D:1)
  A frilled lizard (D:1)
  3 goblins
  4 rats
37 creatures vanquished.

Notes
Turn   | Place    | Note
-------+----------+-------------------------------------------
     0 | D:1      | qw the Tengu Warper began the quest for the Orb.
     0 | D:1      | Reached XP level 1. HP: 12/12 MP: 4/4
     0 | D:1      | 0 ||| qw: Version: 0.1-a-89-g26bdef1
     0 | D:1      | 0 ||| qw: Game counter: 2442
     0 | D:1      | 0 ||| qw: Always use a shield: true
     0 | D:1      | 0 ||| qw: God list: Okawaru
     0 | D:1      | 0 ||| qw: Allow faded altars: false
     0 | D:1      | 0 ||| qw: Do Orc after D:15 true
     0 | D:1      | 0 ||| qw: Do second Lair branch before Depths: true
     0 | D:1      | 0 ||| qw: Lair rune preference: random
     0 | D:1      | 0 ||| qw: Plans: Normal
     0 | D:1      | 0 ||| PLANNING D:1-11
    86 | D:1      | Found a faded altar of an unknown god.
   101 | D:1      | Reached XP level 2. HP: 17/17 MP: 6/6
   104 | D:1      | Reached skill level 3 in Axes
   108 | D:1      | 108 ||| Stepping ~*~*~tactically~*~*~ (stealth).
   534 | D:1      | 534 ||| UPGRADING to +0 chain mail.
   544 | D:1      | 544 ||| DROPPING +0 leather armour.
   545 | D:1      | 545 ||| READING 2 scrolls labelled BAIGUE GIGUGOO.
   546 | D:1      | 546 ||| READING scroll labelled JOARAB SIAC.
   547 | D:1      | 547 ||| READING 2 scrolls labelled NUOQ RUOTTYJE.
   548 | D:1      | 548 ||| READING scroll labelled BEUBADINUL.
   549 | D:1      | 549 ||| DROPPING scroll of butterflies.
   550 | D:1      | 550 ||| DROPPING scroll of blinking.
   617 | D:2      | Reached XP level 3. HP: 6/21 MP: 7/7
   806 | D:2      | 806 ||| Stepping ~*~*~tactically~*~*~ (stealth).
   819 | D:2      | 819 ||| Stepping ~*~*~tactically~*~*~ (stealth).
   841 | D:2      | 841 ||| Stepping ~*~*~tactically~*~*~ (stealth).
   862 | D:2      | 862 ||| Stepping ~*~*~tactically~*~*~ (stealth).
   867 | D:2      | 867 ||| Stepping ~*~*~tactically~*~*~ (stealth).
   872 | D:2      | 872 ||| Stepping ~*~*~tactically~*~*~ (stealth).
   873 | D:2      | 873 ||| Stepping ~*~*~tactically~*~*~ (stealth).
   953 | D:2      | 953 ||| Stepping ~*~*~tactically~*~*~ (stealth).
   957 | D:2      | 957 ||| Stepping ~*~*~tactically~*~*~ (stealth).
  1005 | D:2      | Reached skill level 4 in Axes
  1005 | D:2      | Found Boik's Armour Shoppe.
  1020 | D:2      | 1020 ||| BUYING +0 pair of gloves (58 gold).
  1020 | D:2      | Bought a +0 pair of gloves for 58 gold pieces
  1371 | D:2      | 1371 ||| UPGRADING to +0 pair of gloves.
  1376 | D:2      | 1376 ||| READING scroll labelled CYPHU RIXZOTED.
  1377 | D:2      | 1377 ||| READING scroll labelled VYRCHI XOITSOUR.
  1378 | D:2      | 1378 ||| READING 2 scrolls of identify.
  1378 | D:2      | 1378 ||| IDENTIFYING pink potion
  1379 | D:2      | 1379 ||| DROPPING potion of invisibility.
  1408 | D:3      | Found a runed translucent door.
  1435 | D:3      | 1435 ||| STAIRDANCE
  1454 | D:3      | Noticed a kobold brigand
  1466 | D:3      | HP: 4/21 [kobold brigand/+0 short sword (4)]
  1468 | D:3      | Slain by a kobold brigand

Levels and vault maps discovered:
D:1:      minmay_arrival_four_houses, layout_rooms,
          hellmonk_ecumenical_altar_heavens_door
D:2:      layout_rooms, serial_shops, shop
D:3:      minmay_goblin_kobold_castle, layout_loops_ring, ebering_ghost_sewer_f,
          chequers_serial_rivers_small_3, uniq_ijyb

Skill      XL: |  1  2  3 |
---------------+----------+-----
Axes           | 3 4 |  4.4
Fighting       | |  2.0
Throwing       | |  1.0
Armour         | |  1.1
Dodging        | |  2.1
Spellcasting   | |  2.0
Translocations | |  2.4

Action                   || total
-------------------------++-------
Melee: Hand axe          ||    69
       Peck              ||     9
       Kick              ||    18
Throw: Boomerang         ||     7
       Javelin           ||     7
  Use: Scroll            ||     7
 Stab: Distracted        ||     1
Armor: Chain mail        ||    22
       Leather armour    ||     1
Dodge: Dodged            ||    14

Table legend:
 A = Non-vault XP
 B = Vault XP
 C = Vault XP percentage of total XP
 D = Non-vault monster count
 E = Vault monster count
 F = Vault count percentage of total count
                 A         B        C        D         E       F
            +---------+---------+-------+---------+---------+-------
      Total |      61 |      10 |  14.1 |      30 |       7 |  18.9
            +---------+---------+-------+---------+---------+-------
        D:1 |      28 |       0 |   0.0 |      14 |       0 |   0.0
        D:2 |      30 |       1 |   3.2 |      14 |       1 |   6.7
        D:3 |       3 |       9 |  75.0 |       2 |       6 |  75.0
            +---------+---------+-------+---------+---------+-------
